AoeStats
← Blazing Cartesia, The Virtuous

Arabia

503752844Analyzed
1v1 RM · 1mo ago on Sep 2, 2026· 55m 49s· 2 players
Game mode
Random Map
Map size
Tiny (2 player)
Population
200
Speed
Normal
Resources
Standard
Victory
Conquest
Starting age
Dark Age
Ending age
Imperial Age
RankedLock teamsTeams togetherTeam positionsShared explorationLock speedFull tech treeHidden civsTurbo modeCheats
Victory
Defeat
🇨🇦 Wei · Canada
1199
+16
1196
-16
Blazing Cartesia, The Virtuous
6:48 Loom
9:31 Feudal Age
10:09 Double-Bit Axe
10:52 Fletching
13:28 Padded Archer Armor
18:54 Wheelbarrow
21:59 Castle Age
20:42 Gold Mining
22:00 Forging
22:09 Bloodlines
23:05 Bow Saw
22:39 Horse Collar
22:31 Elite Skirmisher
26:26 Gold Shaft Mining
26:32 Bodkin Arrow
30:28 Leather Archer Armor
30:39 Ballistics
36:23 Imperial Age
35:02 Husbandry
36:08 Hand Cart
35:39 Town Watch
37:08 Bracer
38:01 Heavy Scorpion
39:19 Siege Engineers
42:56 Chemistry
42:55 Heavy Camel Rider
44:01 Scale Barding Armor
44:31 Iron Casting
44:55 Conscription
46:02 Heavy Cavalry Archer
46:58 Town Patrol
47:45 Light Cavalry
49:48 Elite Keshik
50:29 Silk Armor
51:10 Chain Barding Armor
53:14 Pikeman
54:50 Plate Barding Armor
55:18 Blast Furnace
苟或
6:17 Loom
9:28 Feudal Age
9:54 Double-Bit Axe
9:51 Horse Collar
12:07 Wheelbarrow
15:32 Fletching
17:39 Padded Archer Armor
23:48 Castle Age
22:43 Forging
24:09 Crossbowman
26:06 Scale Barding Armor
26:05 Husbandry
26:22 Bow Saw
27:39 Thumb Ring
28:21 Bloodlines
29:01 Gold Mining
29:39 Ballistics
30:32 Hand Cart
30:54 Bodkin Arrow
31:21 Stone Mining
35:08 Chain Barding Armor
36:24 Elite Skirmisher
39:07 Iron Casting
38:49 Leather Archer Armor
39:19 Gold Shaft Mining
39:34 Heavy Plow
42:24 Imperial Age
41:11 Town Watch
44:22 Chemistry
43:28 Bracer
44:29 Blast Furnace
44:31 Stone Shaft Mining
44:56 Ring Archer Armor
45:44 Ming Guang Armor
44:43 Elite Tiger Cavalry
45:51 Conscription
45:45 Scale Mail Armor
46:49 Parthian Tactics
46:46 Squires
47:17 Ming Guang Armor
46:54 Tuntian
48:20 Pikeman
49:15 Light Cavalry
49:47 Halberdier
51:16 Town Patrol
53:12 Hussar
56:16 Crop Rotation
Connection lost

Rejoining the realm…

Still unreachable

The connection could not be restored.

Session expired

The server has moved on; the page needs a fresh start.